 Dungeon Crawl Stone Soup version 0.23.2-11-gf996548c65 (webtiles) character file.

Game seed: 1162153982154766580

116 kwuk the Insei (level 5, -7/33 HPs)
             Began as an Octopode Transmuter on June 4, 2019.
             Mangled by Grinder (11 damage)
             ... while paralysed by Grinder
             ... on level 4 of the Dungeon.
             The game lasted 00:04:45 (4559 turns).

kwuk the Insei (Octopode Transmuter)                Turns: 4559, Time: 00:04:46

Health: -7/33      AC:  1    Str: 10    XL:     5   Next: 0%
Magic:  8/8        EV:  2    Int: 15    God:
Gold:   136        SH:  0    Dex: 13    Spells: 3/9 levels left

rFire    . . .     SeeInvis .     - Unarmed
rCold    . . .     Gourm    .   (no shield)
rNeg     . . .     Faith    .   (helmet restricted)
rPois    .         Spirit   .   (no amulet)
rElec    .         Reflect  .   (no ring)
rCorr    .         Harm     .   (no ring)
MR       .....                  (no ring)
Stlth    +++.......             (no ring)
HPRegen  0.11/turn              (no ring)
MPRegen  0.11/turn              (no ring)
                                (no ring)
                                (no ring)

@: paralysed
A: almost no armour, stealthy swim, amphibious, 8 rings, constrict 8, camouflage
1, gelatinous body 1
a: no special abilities


You were on level 4 of the Dungeon.
You were not hungry.

You visited 1 branch of the dungeon, and saw 4 of its levels.

You collected 136 gold pieces.

Inventory:

Missiles
 a - 66 arrows
Armour
 o - a +0 buckler
Jewellery
 k - an uncursed ring of ice
 m - an uncursed ring of fire
Scrolls
 b - 2 scrolls of enchant armour {unknown}
 e - 8 scrolls of identify {unknown}
 f - 2 scrolls of fog {unknown}
 g - a scroll of remove curse {unknown}
 j - 2 scrolls of amnesia {unknown}
 q - a scroll of teleportation {unknown}
Potions
 d - a potion of brilliance {unknown}
 h - 2 potions of curing {unknown}
 i - a potion of degeneration {unknown}
 l - 2 potions of cancellation {unknown}
 n - 2 potions of agility {unknown}
 p - a potion of mutation {unknown}
Comestibles
 c - 5 rations


   Skills:
 + Level 1.1 Fighting
 - Level 2.2 Dodging
 - Level 1.0 Stealth
 + Level 4.2 Unarmed Combat
 * Level 2.6 Spellcasting
 * Level 2.5 Transmutations
 * Level 1.7 Poison Magic


You had 3 spell levels left.
You knew the following spells:

 Your Spells              Type           Power        Failure   Level  Hunger
a - Beastly Appendage     Tmut           #.....       8%          1    #......
b - Sticks to Snakes      Tmut           #.......     11%         2    ###....
c - Spider Form           Tmut/Pois      #.........   26%         3    ###....

Your spell library contained the following spells:

 Spells                   Type           Power        Failure   Level  Hunger
 Ice Form                 Ice/Tmut       #.......     77%         4    #####..
 Blade Hands              Tmut           #.........   90%         5    ######.


Dungeon Overview and Level Annotations

Branches:
Dungeon (4/15)
 Temple: D:4-7

Altars:
Ashenzari
Ru
Wu Jian

Annotations:
D:4 exclusion: door, Grinder


Innate Abilities, Weirdness & Mutations

You cannot wear most types of armour.
You are very stealthy in the water. (Stealth+)
You are amphibious.
You can wear up to eight rings at the same time.
You can use your tentacles to constrict eight enemies at once.
Your skin changes colour to match your surroundings (Stealth+).
Your rubbery body absorbs attacks. (AC +1, EV +1)


Message History

You constrict Grinder.
Grinder blinks free!
Found a scale mail.
Grinder blinks!
Grinder gestures at you.
You suddenly lose the ability to move!
Grinder gestures at you.
You shrug off the repeated paralysis!
You can move again.
You see here a scale mail.
An orc comes into view. It is wielding a +0 whip.
Grinder says, "Mostly I couldn't keep them alive."
Grinder blinks!
Grinder gestures at you.
You suddenly lose the ability to move!
The orc hits you with a +0 whip. x2
* * * LOW HITPOINT WARNING * * *
The orc hits you with a +0 whip.
* * * LOW HITPOINT WARNING * * *
Grinder hits you!
You die...

##########
#....5...#
#[######ยง# #.#
#.# ###.#
####.######
#.#.###....5..5.#
#o5.##.##.####.#
##@....##.# #.#
#.........# #.#
.....####### #.#
#.#.#.# #.# #.#.
.# #.# # .. .#
#.# ##+### #.#
##...## #.#
##.....## ####.#


You could see Grinder and an orc.

Vanquished Creatures
  4 adders
  3 worms
  A dart slug (D:1)
  2 leopard geckos
  2 giant cockroaches
  11 goblins
  8 hobgoblins
  3 jackals (D:3)
  7 kobolds
  A quokka (D:3)
  4 ball pythons
  7 bats
  3 frilled lizards
  13 rats
69 creatures vanquished.

Notes
Turn   | Place    | Note
-------+----------+-------------------------------------------
     0 | D:1      | kwuk the Octopode Transmuter began the quest for the Orb.
     0 | D:1      | Reached XP level 1. HP: 13/13 MP: 3/3
   343 | D:1      | Reached XP level 2. HP: 12/18 MP: 5/5
   645 | D:1      | Learned a level 2 spell: Sticks to Snakes
  1488 | D:2      | Reached XP level 3. HP: 23/23 MP: 6/6
  1598 | D:2      | Learned a level 3 spell: Spider Form
  2519 | D:2      | Found a sacrificial altar of Ru.
  2695 | D:2      | Reached skill level 1 in Poison Magic
  2940 | D:2      | Found an ornate altar of the Wu Jian Council.
  2940 | D:2      | Found a shattered altar of Ashenzari.
  3567 | D:3      | Reached XP level 4. HP: 14/28 MP: 4/7
  3909 | D:3      | Reached skill level 4 in Unarmed Combat
  3950 | D:3      | Reached skill level 1 in Stealth
  4488 | D:4      | Noticed a phantom
  4500 | D:4      | Reached XP level 5. HP: 21/33 MP: 6/8
  4532 | D:4      | Noticed Grinder
  4548 | D:4      | Paralysed by Grinder for 3 turns
  4555 | D:4      | Paralysed by Grinder for 5 turns
  4559 | D:4      | Mangled by Grinder

Skill      XL: |  1  2  3  4 |
---------------+-------------+-----
Poison Magic   | 1 |  1.7
Unarmed Combat | 4 |  4.2
Stealth        | 1 |  1.0
Fighting       | |  1.1
Dodging        | |  2.2
Spellcasting   | |  2.6
Transmutations | |  2.5

Action                   |  1- 3 |  4- 6 || total
-------------------------+-------+-------++-------
Melee: Unarmed           |    98 |    57 ||   155
       Constrict         |    29 |    11 ||    40
       Punch             |     6 |       ||     6
       Kick              |     3 |     6 ||     9
       Tentacles         |    12 |     8 ||    20
 Cast: Beastly Appendage |     3 |     5 ||     8
       Sticks to Snakes  |     1 |     1 ||     2
       Spider Form       |       |     1 ||     1
 Stab: Sleeping          |    11 |     2 ||    13
       Distracted        |     1 |       ||     1
  Eat: Chunk             |     8 |     4 ||    12
Armor: Skin              |     7 |     4 ||    11
Dodge: Dodged            |    56 |    57 ||   113
